 Dungeon Crawl Stone Soup version 0.24.1-11-gbbbb2193e6 (webtiles) character file.

Game seed: 5393882341001283840, levelgen mode: deterministic

151 Mrkan the Caller (level 5, -2/37 HPs)
             Began as a Gnoll Summoner on May 15, 2020.
             Slain by a gnoll
             ... wielding a +0 spear
              (10 damage)
             ... on level 3 of the Dungeon.
             The game lasted 00:07:54 (3944 turns).

Mrkan the Caller (Gnoll Summoner)                   Turns: 3944, Time: 00:07:54

Health: -2/37      AC:  2    Str: 11    XL:     5   Next: 33%
Magic:  3/12       EV: 15    Int: 18    God:
Gold:   69         SH:  0    Dex: 15    Spells: 11/14 levels left

rFire    . . .     SeeInvis .   e - +0 dagger (freeze)
rCold    . . .     Gourm    .   (no shield)
rNeg     . . .     Faith    .   a - +0 robe
rPois    .         Spirit   .   (no helmet)
rElec    .         Reflect  .   (no cloak)
rCorr    .         Harm     .   (no gloves)
MR       .....                  (no boots)
Stlth    +++.......             (no amulet)
HPRegen  0.12/turn              (no ring)
MPRegen  0.13/turn              (no ring)

@: no status effects
A: distributed training, fangs 1, strong nose
a: no special abilities


You were on level 3 of the Dungeon.
You were not hungry.

You visited 1 branch of the dungeon, and saw 3 of its levels.

You collected 69 gold pieces.

Inventory:

Hand Weapons
 e - a +0 dagger of freezing (weapon)
 f - a +0 spear
Missiles
 m - 147 stones (quivered)
Armour
 a - a +0 robe (worn)
 o - a cursed +0 robe
Scrolls
 b - a scroll of enchant armour {unknown}
 d - 5 scrolls of identify {unknown}
 g - a scroll of fear {unknown}
 h - a scroll of immolation {unknown}
 i - a scroll of teleportation {unknown}
 l - 4 scrolls of remove curse {unknown}
Potions
 j - a potion of agility {unknown}
 k - 2 potions of berserk rage {unknown}
Comestibles
 c - 4 rations
 n - a chunk of flesh


   Skills:
 + Level 1.4 Fighting
 + Level 1.4 Short Blades
 + Level 1.4 Long Blades
 + Level 1.4 Axes
 + Level 1.4 Maces & Flails
 + Level 1.4 Polearms
 + Level 1.4 Staves
 + Level 1.4 Slings
 + Level 1.4 Bows
 + Level 1.4 Crossbows
 + Level 1.4 Throwing
 + Level 1.4 Armour
 + Level 4.7 Dodging
 + Level 4.4 Stealth
 + Level 1.4 Shields
 + Level 1.4 Unarmed Combat
 + Level 5.2 Spellcasting
 + Level 1.1 Conjurations
 + Level 1.1 Hexes
 + Level 1.1 Charms
 + Level 7.2 Summonings
 + Level 1.1 Necromancy
 + Level 1.1 Translocations
 + Level 1.1 Transmutations
 + Level 1.1 Fire Magic
 + Level 1.1 Ice Magic
 + Level 1.1 Air Magic
 + Level 1.1 Earth Magic
 + Level 1.1 Poison Magic
 + Level 1.6 Invocations
 + Level 1.4 Evocations


You had 11 spell levels left.
You knew the following spells:

 Your Spells              Type           Power        Failure   Level  Hunger
a - Summon Small Mammal   Summ           ####         1%          1    None
b - Call Imp              Summ           ####....     1%          2    #......

Your spell library contained the following spells:

 Spells                   Type           Power        Failure   Level  Hunger
 Call Canine Familiar     Summ           ####....     1%          3    ##.....
 Summon Guardian Golem    Hex/Summ       ###.....     7%          3    ##.....
 Summon Ice Beast         Ice/Summ       ###.....     24%         4    ####...
 Summon Lightning Spire   Summ/Air       ###.....     24%         4    ####...


Dungeon Overview and Level Annotations

Branches:
Dungeon (3/15)

Altars:
Okawaru


Innate Abilities, Weirdness & Mutations

Your experience applies equally to all skills.
You have very sharp teeth.
Your uncanny sense of smell can sniff out nearby items.


Message History

A shadowy apparition takes form in the air.
Your crimson imp blinks!
Your crimson imp blinks!
Your white imp disappears in a puff of smoke!
Your shadow imp gestures at the gnoll.
The gnoll writhes in agony.
Your crimson imp blinks!
The gnoll closely misses your shadow imp.
Your shadow imp barely misses the gnoll.
Your crimson imp blinks!
Your shadow imp hits the gnoll but does no damage.
Your crimson imp blinks!
Your shadow imp hits the gnoll but does no damage.
Casting: Call Imp (safe; 1% risk of failure)
Confirm with . or Enter, or press ? or * to list all spells.
A beastly little devil appears in a puff of frigid air.
The gnoll barely misses you.
Your shadow imp barely misses the gnoll.
The gnoll hits you from afar with a +0 spear!
You die...

######### #.......#
#########.....#.#
#.>........5#.#5###
###.#######.#...@...#
#.5.# #..##..#...# .#
#.### #.).......g.#
...# #.####
#.#.#..###5.# ...#
.5...####.._...# ##.#
...# #5##......#.#..#
#†# ...#
..##>..........#
#)#######...##.
..##).......##.#
#5#.^.........$
#.##(..<.......#
#.)..5g........


You could see a gnoll, a friendly crimson imp, a friendly white imp and a
friendly shadow imp.

Vanquished Creatures
  3 adders (D:2)
  3 worms (D:2)
  A dart slug (D:1)
  A leopard gecko (D:3)
  A ball python (D:1)
  5 bats
  6 giant cockroaches
  7 goblins
  5 hobgoblins
  3 jackals (D:1)
  3 frilled lizards
  6 kobolds
  8 rats
52 creatures vanquished.

Vanquished Creatures (collateral kills)
  An adder (D:2)
  7 gnolls
  4 worms (D:2)
  A dart slug (D:2)
  A leopard gecko (D:3)
  A ball python (D:2)
  2 bats
  2 goblins
  A hobgoblin (D:1)
  2 kobolds
  2 rats (D:3)
24 creatures vanquished.

Grand Total: 76 creatures vanquished

Notes
Turn   | Place    | Note
-------+----------+-------------------------------------------
     0 | D:1      | Mrkan the Gnoll Summoner began the quest for the Orb.
     0 | D:1      | Reached XP level 1. HP: 13/13 MP: 6/6
   378 | D:1      | Reached XP level 2. HP: 16/19 MP: 7/7
   740 | D:1      | Reached XP level 3. HP: 19/25 MP: 9/9
   924 | D:1      | Reached skill level 5 in Spellcasting
  1280 | D:2      | Reached skill level 1 in Invocations
  1320 | D:2      | Reached skill level 1 in Fighting
  1320 | D:2      | Reached skill level 1 in Short Blades
  1320 | D:2      | Reached skill level 1 in Long Blades
  1320 | D:2      | Reached skill level 1 in Axes
  1320 | D:2      | Reached skill level 1 in Maces & Flails
  1320 | D:2      | Reached skill level 1 in Polearms
  1320 | D:2      | Reached skill level 1 in Staves
  1320 | D:2      | Reached skill level 1 in Slings
  1320 | D:2      | Reached skill level 1 in Bows
  1320 | D:2      | Reached skill level 1 in Crossbows
  1320 | D:2      | Reached skill level 1 in Throwing
  1320 | D:2      | Reached skill level 1 in Armour
  1320 | D:2      | Reached skill level 1 in Shields
  1320 | D:2      | Reached skill level 1 in Unarmed Combat
  1320 | D:2      | Reached skill level 1 in Evocations
  1751 | D:2      | Reached XP level 4. HP: 5/32 MP: 8/11
  2240 | D:2      | HP: 1/32 [goblin/stone (8)]
  2838 | D:2      | Reached skill level 1 in Conjurations
  2838 | D:2      | Reached skill level 1 in Hexes
  2838 | D:2      | Reached skill level 1 in Charms
  2838 | D:2      | Reached skill level 1 in Necromancy
  2838 | D:2      | Reached skill level 1 in Translocations
  2838 | D:2      | Reached skill level 1 in Transmutations
  2838 | D:2      | Reached skill level 1 in Fire Magic
  2838 | D:2      | Reached skill level 1 in Ice Magic
  2838 | D:2      | Reached skill level 1 in Air Magic
  2838 | D:2      | Reached skill level 1 in Earth Magic
  2838 | D:2      | Reached skill level 1 in Poison Magic
  3431 | D:2      | Reached XP level 5. HP: 34/37 MP: 9/12
  3703 | D:2      | Learned a level 2 spell: Call Imp
  3749 | D:3      | Found an iron altar of Okawaru.
  3944 | D:3      | Slain by a gnoll

Levels and vault maps discovered:
D:1:      matt_arrival_diagonals, layout_loops_ring, serial_co_window_serial,
          co_window_paths_b, co_window_paths_b, co_window_paths_a,
          co_window_paths_a, co_window_corner_a, co_window_paths_c,
          co_window_broadway_c, co_window_2corner, co_window_of_opportunity_c,
          co_window_unsneaky_path_a, co_window_cross_3, glass_columns_c,
          glass_columns_a, glass_columns_b
D:2:      layout_loops_corners, first_ration, minmay_pentomino_pile
D:3:      layout_loops_cross, okawaru_metal_pillars_1_2

Skill      XL: |  1  2  3  4 |
---------------+-------------+-----
Spellcasting   | 5 |  5.2
Invocations    | 1 |  1.6
Fighting       | 1 |  1.4
Short Blades   | 1 |  1.4
Long Blades    | 1 |  1.4
Axes           | 1 |  1.4
Maces & Flails | 1 |  1.4
Polearms       | 1 |  1.4
Staves         | 1 |  1.4
Slings         | 1 |  1.4
Bows           | 1 |  1.4
Crossbows      | 1 |  1.4
Throwing       | 1 |  1.4
Armour         | 1 |  1.4
Shields        | 1 |  1.4
Unarmed Combat | 1 |  1.4
Evocations     | 1 |  1.4
Conjurations   | 1 |  1.1
Hexes          | 1 |  1.1
Charms         | 1 |  1.1
Necromancy     | 1 |  1.1
Translocations | 1 |  1.1
Transmutations | 1 |  1.1
Fire Magic     | 1 |  1.1
Ice Magic      | 1 |  1.1
Air Magic      | 1 |  1.1
Earth Magic    | 1 |  1.1
Poison Magic   | 1 |  1.1
Dodging        | |  4.7
Stealth        | |  4.4
Summonings     | |  7.2

Action                   |  1- 3 |  4- 6 || total
-------------------------+-------+-------++-------
Melee: Unarmed           |    15 |       ||    15
       Dagger            |   140 |    83 ||   223
       Bite              |    11 |     9 ||    20
       Punch             |     1 |       ||     1
Throw: Stone             |       |     3 ||     3
 Cast: Summon Small Mamm |     7 |    49 ||    56
       Call Imp          |       |    12 ||    12
 Stab: Sleeping          |     5 |     5 ||    10
  Eat: Chunk             |     2 |     8 ||    10
Armor: Robe              |    29 |    11 ||    40
Dodge: Dodged            |   109 |    76 ||   185
